 Dungeon Crawl Stone Soup version 0.25.0-3-gd7cc5688da (webtiles) character file.

Game seed: 2957241272047661387

224 HungrySpirit the Chopper (level 5, -3/45 HPs)
             Began as a Demigod Warper on June 15, 2020.
             Killed by divine providence
             ... invoked by an orc priest
              (12 damage)
             ... on level 3 of the Dungeon.
             The game lasted 00:06:23 (4717 turns).

HungrySpirit the Chopper (Demigod Warper)           Turns: 4717, Time: 00:06:23

Health: -3/45      AC: 12    Str: 16    XL:     5   Next: 39%
Magic:  10/10      EV:  7    Int: 17    God:
Gold:   179        SH:  0    Dex: 15    Spells: 7/7 levels left

rFire    + . .     SeeInvis .   a - +1 hand axe
rCold    . . .     Gourm    .   (no shield)
rNeg     . . .     Faith    .   m - +2 chain mail {rF+}
rPois    .         Spirit   .   i - +0 helmet
rElec    .         Reflect  .   (no cloak)
rCorr    .         Harm     .   u - +0 pair of gloves (curse)
MR       .....                  (no boots)
Stlth    ..........             w - amulet of magic regeneration
HPRegen  0.15/turn              g - ring of wizardry
MPRegen  0.37/turn              (no ring)

@: drained
A: high mp 1
a: no special abilities


You were on level 3 of the Dungeon.
You were not hungry.

You visited 1 branch of the dungeon, and saw 3 of its levels.

You collected 179 gold pieces.

Inventory:

Hand Weapons
 a - a +1 hand axe (weapon)
Missiles
 e - 4 boomerangs of dispersal
 x - 2 poisoned darts (quivered)
Armour
 i - a +0 helmet (worn)
 m - a +2 chain mail of fire resistance (worn)
 u - a cursed +0 pair of gloves (worn)
Jewellery
 g - a ring of wizardry (left hand)
 w - an amulet of magic regeneration (around neck)
Scrolls
 b - a scroll of fear {unknown}
 d - 2 scrolls of blinking
 h - a scroll of enchant weapon
 j - a scroll of amnesia {unknown}
 l - 2 scrolls of teleportation {unknown}
 q - a scroll of magic mapping {unknown}
 s - 4 scrolls of identify
 y - a scroll of fog {unknown}
Potions
 c - a potion of curing {unknown}
 k - a potion of berserk rage
 n - a potion of brilliance {unknown}
 p - a potion of might {unknown}
 r - a potion of resistance {unknown}
 t - a potion of stabbing {unknown}
 v - a potion of heal wounds {unknown}
Comestibles
 f - 7 rations
 o - 2 chunks of flesh


   Skills:
 + Level 3.0(2.3) Fighting
 * Level 4.0(3.3) Axes
 - Level 0.8(0.1) Throwing
 + Level 2.6(1.8) Armour
 - Level 1.7(1.0) Dodging
 - Level 1.7(1.0) Spellcasting
   Level 2.6(1.9) Translocations


You had 7 spell levels left.
You didn't know any spells.
Your spell library contained the following spells:

 Spells                   Type           Power        Failure   Level  Hunger
 Blink                    Tloc           N/A          69%         2    ###....
 Shroud of Golubria       Chrm/Tloc      #.....       82%         2    ###....
 Gell's Gravitas          Tloc           #.........   89%         3    ####...
 Lesser Beckoning         Tloc           #.........   89%         3    ####...
 Teleport Other           Tloc           #.......     89%         3    ####...
 Passage of Golubria      Tloc           N/A          99%         4    #####..


Dungeon Overview and Level Annotations

Branches:
Dungeon (3/15)


Innate Abilities, Weirdness & Mutations

You have an increased reservoir of magic. (+10% MP)


Message History

Throwing (i - inventory. (/) - cycle)
x - 3 poisoned darts (quivered)
Press: ? - help, Shift-Dir - straight line, f/p - orc priest
Aim: an orc priest, wielding a +0 trident and wearing a +0 ring mail (very poisoned)
You throw a poisoned dart. The poisoned dart hits the orc priest.
The orc priest hits you but does no damage.
A rat comes into view.
The orc priest barely misses you.
There is an open door here.
Things that are here:
a +0 flail; an orc corpse Unknown command.
You hit the orc priest.
The orc priest is moderately wounded.
The orc priest barely misses you.
Unknown command.
You hit the orc priest.
The orc priest is severely wounded.
The orc priest invokes the aid of Beogh against you.
Beogh smites you!
You die...

####### ##### #....
##...## ##...###....
##.....###.....##....
#.......#.......#....
#.......#.......#####
#.......#.......# #.
##.....###.....## #.
##...## ##).÷## #.
#S#######@#######'#### #.
......r..o...........####.
..........÷...............
..........(..........#####
#'#######÷#######'#### .
##...## ##...## ##
##.....###.....## #.
#.......#.......# #.
#.......#.......# #.


You could see an orc priest (poisoned) and a rat.

Vanquished Creatures
  2 hounds (D:3)
  8 adders
  A gnoll (D:3)
  3 worms
  3 dart slugs
  A leopard gecko (D:3)
  3 orcs (D:3)
  5 bats
  5 giant cockroaches
  6 goblins
  8 hobgoblins
  2 jackals (D:2)
  A quokka (D:3)
  A ball python (D:2)
  3 frilled lizards
  9 kobolds
  8 rats
69 creatures vanquished.

Notes
Turn   | Place    | Note
-------+----------+-------------------------------------------
     0 | D:1      | HungrySpirit the Demigod Warper began the quest for the
                  | Orb.
     0 | D:1      | Reached XP level 1. HP: 17/17 MP: 5/5
    72 | D:1      | Reached skill level 1 in Armour
    85 | D:1      | Reached skill level 2 in Axes
   333 | D:1      | Reached XP level 2. HP: 16/24 MP: 7/7
  1627 | D:2      | Reached XP level 3. HP: 17/29 MP: 8/8
  1802 | D:2      | Found an opulent altar of Gozag.
  1959 | D:2      | Noticed an ogre
  2203 | D:2      | Reached skill level 3 in Axes
  3094 | D:3      | Reached XP level 4. HP: 26/37 MP: 9/9
  3655 | D:3      | Reached XP level 5. HP: 44/44 MP: 10/10
  4413 | D:3      | Reached skill level 4 in Axes
  4717 | D:3      | Killed from afar by an orc priest

Illustrated notes

Levels and vault maps discovered:
D:1:      dpeg_arrival_houses_and_road, layout_basic, minmay_misc_feat_iff,
          interstate_on_off
D:2:      minmay_spotlight, layout_basic,
          nicolae_gozag_cash_rules_everything_around_me
D:3:      kennysheep_six_static_rooms, layout_basic, corexii_shack,
          cheibrodos_gnoll_hut

Skill      XL: |  1  2  3  4  5 |
---------------+----------------+-----
Armour         | 1 2 |  2.6
Axes           | 2 3 4 |  4.0
Fighting       | 2 3 |  3.0
Throwing       | |  0.8
Dodging        | |  1.7
Spellcasting   | |  1.7
Translocations | |  2.6

Action                   |  1- 3 |  4- 6 || total
-------------------------+-------+-------++-------
Melee: Hand axe          |   177 |   132 ||   309
Throw: Boomerang         |     1 |       ||     1
       Dart              |       |    10 ||    10
  Use: Potion            |       |     1 ||     1
       Scroll            |       |     2 ||     2
  Eat: Chunk             |     7 |     5 ||    12
Armor: Leather armour    |     8 |       ||     8
       Ring mail         |    57 |    13 ||    70
       Chain mail        |       |    42 ||    42
       Scale mail        |       |    18 ||    18
Dodge: Dodged            |   117 |    80 ||   197
